AoeStats
← OmarGutieG

Lombardia

507542378Analyzed
2v2 RM · 13d ago on Sep 18, 2026· 32m 51s· 4 players
Game mode
Random Map
Map size
Medium (4 player)
Population
200
Speed
Normal
Resources
Standard
Victory
Conquest
Starting age
Dark Age
Ending age
Imperial Age
RankedLock teamsTeams togetherTeam positionsShared explorationLock speedFull tech treeHidden civsTurbo modeCheats
Victory
Defeat
🇵🇱 Wei · Poland
1341
+15
🇵🇱 Vietnamese · Poland
1290
+18
🇲🇽 Magyars · Mexico
1327
-17
🇲🇽 Britons · Mexico
1306
-16
knujacakapibara
8:35 Feudal Age
9:21 Double-Bit Axe
9:29 Horse Collar
9:41 Loom
12:51 Gold Mining
14:24 Wheelbarrow
19:09 Castle Age
17:34 Stone Mining
18:20 Scale Barding Armor
18:53 Forging
19:06 Bloodlines
20:00 Heavy Plow
21:14 Bow Saw
23:49 Chain Barding Armor
24:14 Husbandry
26:13 Hand Cart
25:58 Town Watch
27:30 Iron Casting
lubusz91
6:59 Loom
10:00 Feudal Age
11:35 Double-Bit Axe
16:42 Fletching
24:36 Castle Age
23:07 Padded Archer Armor
23:32 Horse Collar
24:41 Crossbowman
25:54 Thumb Ring
26:12 Bodkin Arrow
27:34 Leather Archer Armor
30:55 Bow Saw
33:36 Ballistics
armigame1
10:48 Feudal Age
15:23 Castle Age
14:00 Double-Bit Axe
15:21 Loom
23:30 Bloodlines
26:22 Horse Collar
27:38 Scale Barding Armor
28:56 Husbandry
OmarGutieG
7:38 Loom
11:27 Feudal Age
15:21 Castle Age
20:25 Double-Bit Axe
21:08 Fletching
21:27 Crossbowman
23:11 Bow Saw
24:19 Wheelbarrow
24:27 Padded Archer Armor
27:37 Bodkin Arrow
28:19 Hand Cart
29:01 Forging
Connection lost

Rejoining the realm…

Still unreachable

The connection could not be restored.

Session expired

The server has moved on; the page needs a fresh start.